 Dungeon Crawl Stone Soup version 0.29.1-1-gd02db6906a (webtiles) character file.

Game seed: 16181825103211982854

9557 unlimited1921 the Thaumaturge (level 11, -11/67 HPs)
             Began as a Djinni Fire Elementalist on Oct 13, 2022.
             Was an Elder of Fedhas.
             Killed by divine providence
             ... invoked by Saint Roka
              (15 damage)
             ... on level 2 of the Orcish Mines.
             The game lasted 00:59:15 (18289 turns).

unlimited1921 the Thaumaturge (DjFE)               Turns: 18289, Time: 00:59:16

Health: -11/67     AC: 15    Str:  7    XL:     11   Next: 76%
Gold:   499        EV: 27    Int: 24    God:    Fedhas [****..] SH:  4 Dex: 14

rFire   + + .      SeeInvis .   o - +4 short sword
rCold   x . .      Faith    .   i - +0 buckler
rNeg    . . .      Spirit   .   N - +0 steam dragon scales
rPois   ∞          Reflect  .   w - +2 helmet {Int+3}
rElec   .          Harm     .   h - +2 cloak
rCorr   .          Rampage  .   (no gloves)
Will    +....                   (boots unavailable)
Stlth   ++........              K - amulet of the acrobat
HPRegen 0.21/turn               g - +4 ring of protection
MPRegen 0.00/turn               (no ring)

@: silenced, acrobatic, flying
A: sickness immunity, fire resistance 2, cold vulnerability 1, float, innate
caster, HP casting, extra vitality 1
a: Renounce Religion


You were on level 2 of the Orcish Mines.
You worshipped Fedhas.
Fedhas was greatly pleased with you.
You visited 2 branches of the dungeon, and saw 11 of its levels.

You collected 794 gold pieces.
You spent 295 gold pieces at shops.

Inventory:

Hand Weapons
 n - a +0 spear
 o - a +4 short sword (weapon)
 q - a +0 hand axe
 B - a +5 battleaxe
 H - a +0 spear of venom
 J - a +2 falchion of freezing
Missiles
 u - a throwing net
Armour
 h - a +2 cloak (worn)
 i - a +0 buckler (worn)
 w - a +2 helmet of intelligence (worn)
 N - +0 steam dragon scales (worn)
Jewellery
 g - a +4 ring of protection (left hand)
 G - a ring of ice
 K - an amulet of the acrobat (around neck)
Wands
 a - a wand of quicksilver (11)
 k - a wand of mindburst (5)
 x - a wand of paralysis (11)
 L - a wand of digging (6)
Scrolls
 b - 3 scrolls of enchant weapon {unknown}
 d - 5 scrolls of teleportation {unknown}
 f - 3 scrolls of poison {unknown}
 j - 3 scrolls of immolation {unknown}
 m - a scroll of blinking
 y - a scroll of brand weapon
 A - 3 scrolls of silence
 D - 3 scrolls of identify
 E - 2 scrolls of fear {unknown}
 I - a scroll of butterflies {unknown}
 M - a scroll of enchant armour
Potions
 e - 2 potions of berserk rage
 l - 2 potions of magic {unknown}
 p - 2 potions of resistance {unknown}
 r - a potion of lignification {unknown}
 s - 4 potions of brilliance {unknown}
 t - 2 potions of mutation {unknown}
 v - 2 potions of cancellation
 z - a potion of invisibility {unknown}
 C - 2 potions of haste


   Skills:
 + Level 1.3 Fighting
 + Level 0.3 Polearms
 + Level 2.3 Armour
 + Level 3.5 Dodging
 + Level 4.2 Stealth
 * Level 2.6 Shields
 + Level 12.6 Spellcasting
 * Level 2.7 Invocations


You had 9 spell levels left.
You knew the following spells:

 Your Spells              Type           Power      Damage    Failure   Level
a - Foxfire               Conj/Fire      100%       2x1d9     1%          1
b - Scorch                Fire           100%       2d10      1%          2
c - Conjure Flame         Conj/Fire      66%        6-21      1%          3
d - Inner Flame           Hex/Fire       66%        N/A       1%          3
e - Flame Wave            Conj/Fire      66%        2d15      1%          4
f - Apportation           Tloc           100%       N/A       1%          1
g - Call Imp              Summ           66%        N/A       1%          2
h - Lesser Beckoning      Tloc           66%        N/A       1%          3
i - Ozocubu's Armour      Ice            66%        N/A       1%          3
j - Airstrike             Air            33%        2d(5-21)  1%          4
Your spell library was empty.

Dungeon Overview and Level Annotations

Branches:
Dungeon (9/15)             Temple (0/1) D:7            Lair (0/5) D:9
    Orc (2/2) D:9             Elf (0/3) Orc:2

Altars:
Cheibriados
Fedhas
Makhleb
Nemelex Xobeh
Okawaru
Ru
Xom
Zin

Shops:
D:2 [   D:4 :[[   D:9 *   Orc:2 [

Annotations:
Orc:2 Saint Roka


Innate Abilities, Weirdness & Mutations

You are immune to sickness and miasma.
You are immune to poison.
Your flesh is very heat resistant. (rF++)
You are vulnerable to cold. (rC-)
You float through the air rather than walking.
You learn spells naturally, not from books.
Your magical power is your life essence.
You have superior vitality. (+4 MHP)


Message History

The orc knight misses you. The orc sorcerer misses you.
The saltling closely misses you. You block the hellwing's attack.
The hellwing hits you but does no damage.
Unknown command.
The orc knight attacks as you move away!
The orc knight closely misses you. The hellwing attacks as you move away!
The hellwing hits you.
* * * LOW HITPOINT WARNING * * *
The hellwing hits you but does no damage.
The saltling attacks as you move away! The saltling closely misses you.
Saint Roka roars a battlecry!
The orc sorcerer goes into a battle-frenzy!
You block the orc sorcerer's attack.
The orc sorcerer attacks as you move away!
The orc sorcerer completely misses you.
The ogre mage points at the two-headed ogre and mumbles some strange words.
The two-headed ogre seems to speed up.
The saltling attacks as you move away! The saltling closely misses you. x2
The orc knight attacks as you move away!
The orc knight barely misses you. The saltling attacks as you move away!
The saltling misses you.
The hellwing swoops through the air toward you!
The hellwing completely misses you. You block the hellwing's attack.
You hit the hellwing.
The hellwing is lightly wounded.
The ogre mage casts a spell.
The ogre mage flickers and vanishes!
Deactivating autopickup; reactivate with Ctrl-A.
The orc knight hits you with a +0 battleaxe!
* * * LOW HITPOINT WARNING * * *
The saltling hits you but does no damage.
The hellwing closely misses you. You block the hellwing's attack.
The orc sorcerer attacks as you move away!
The orc sorcerer hits you with a +0 dagger.
* * * LOW HITPOINT WARNING * * *
The hellwing misses you. The hellwing completely misses you.
Saint Roka calls down the wrath of Beogh upon you.
Beogh smites you!
You die...
Fedhas appreciates your contribution to the ecosystem.

##..#...............
#...#....o..........
##.#......>.........
####...............
###.........O......
######.......O.#........
##.#.........o.#o........
........##....49.........
......#####.#...@........
.)...## ##...............
.#)...# #..............#
.#.).#####.......<###...
....)##.#.##.#.[### ###
...........##...#
#..........###.##
............#.####
...............#.#


You could see Saint Roka (strong), an orc knight (inner flame, strong), 2
two-headed ogres, a hellwing (summoned), an orc sorcerer (strong) and a
saltling.

Vanquished Creatures
  2 two-headed ogres
  Pikel (D:7)
  The ghost of safid the Skirmisher, a novice MiHu of Okawaru (D:6)
  An orc sorcerer (Orc:2)
  A cyclops (Orc:2)
  The ghost of Martial the Vexing, a novice HuAM of Nemelex Xobeh (D:5)
  A komodo dragon (D:9)
  2 trolls
  A saltling (Orc:2)
  4 yaks (D:8)
  A wyvern (D:8)
  2 humans (D:7)
  2 steam dragons
  Menkaure (D:7)
  A warg (Orc:1)
  A water moccasin (D:7)
  Duvessa (D:7)
  10 orc warriors
  A black bear (D:5)
  An ice beast (D:6)
  A sky beast (D:6)
  2 ogres
  2 lemures (D:7)
  3 centaurs
  4 bullfrogs
  A necrophage (D:8)
  A scorpion (D:6)
  6 wights
  Dowan (D:7)
  A howler monkey (D:7)
  4 jellies
  10 orc priests
  3 hounds
  14 orc wizards
  2 iguanas (D:5)
  4 gnolls (D:8)
  6 adders
  2 white imps
  2 ufetubi
  4 worms
  2 dart slugs (D:4)
  46 orcs
  2 ball pythons
  3 endoplasms
  2 giant cockroaches
  6 goblins
  5 hobgoblins
  4 jackals (D:1)
  9 kobolds
  4 bats
  6 frilled lizards
  5 rats
203 creatures vanquished.

Vanquished Creatures (collateral kills)
  A troll (Orc:2)
  A lemure (D:7)
  A phantom (D:7)
  An orc priest (Orc:2)
  A foxfire (Orc:2)
5 creatures vanquished.

Vanquished Creatures (others)
  596 foxfires
  3 plants (D:9)
599 creatures vanquished.

Grand Total: 807 creatures vanquished

Notes
Turn   | Place    | Note
-------+----------+-------------------------------------------
     0 | D:1      | unlimited1921 the Djinni Fire Elementalist began the quest
                  | for the Orb.
     0 | D:1      | unlimited1921 set off with the following spells memorised:
                  | Foxfire, Scorch, Conjure Flame, Inner Flame, Flame Wave.
     0 | D:1      | Reached XP level 1. HP: 15/15 MP: 0/0
   452 | D:1      | Reached XP level 2. HP: 16/21 MP: 0/0
   933 | D:1      | Reached skill level 3 in Spellcasting
  1239 | D:1      | Reached XP level 3. HP: 21/25 MP: 0/0
  1239 | D:1      | Learned a level 1 spell: Apportation
  1950 | D:2      | Found Ytzeemel's Armour Emporium.
  2626 | D:2      | Reached XP level 4. HP: 26/31 MP: 0/0
  4811 | D:3      | Found a snail-covered altar of Cheibriados.
  5438 | D:3      | Found a blossoming altar of Fedhas.
  5452 | D:3      | Became a worshipper of Fedhas Madash
  5621 | D:4      | Reached XP level 5. HP: 33/35 MP: 0/0
  5621 | D:4      | Learned a level 2 spell: Call Imp
  5749 | D:4      | Found Iveunkea's Antique Armour Shoppe.
  5784 | D:4      | Bought a runed helmet for 165 gold pieces
  6025 | D:4      | Found Zokledai's Book Shoppe.
  6107 | D:4      | Found Voixkuqy's Antique Armour Shoppe.
  6307 | D:4      | Found a large runed translucent door.
  6308 | D:4      | Found a large runed translucent door.
  6491 | D:4      | Found a burning altar of Makhleb.
  6497 | D:4      | Found a sacrificial altar of Ru.
  6871 | D:5      | Entered Level 5 of the Dungeon
  6982 | D:5      | Reached skill level 4 in Spellcasting
  7011 | D:5      | Found a runed translucent door.
  7012 | D:5      | Noticed Martial's ghost (novice HuAM)
  7096 | D:5      | Noticed a black bear
  7102 | D:5      | Killed a black bear
  7103 | D:5      | Reached XP level 6. HP: 27/40 MP: 0/0
  8004 | D:5      | Reached skill level 5 in Spellcasting
  8004 | D:5      | Reached XP level 7. HP: 25/45 MP: 0/0
  8004 | D:5      | Learned a level 3 spell: Lesser Beckoning
  8022 | D:5      | Reached * piety under Fedhas
  8897 | D:5      | Killed Martial's ghost
  8898 | D:5      | Reached skill level 6 in Spellcasting
  8898 | D:5      | Reached XP level 8. HP: 38/50 MP: 0/0
  9550 | D:6      | Reached skill level 7 in Spellcasting
  9983 | D:6      | Reached XP level 9. HP: 47/55 MP: 0/0
  9983 | D:6      | Learned a level 3 spell: Ozocubu's Armour
 10201 | D:6      | Found a runed translucent door.
 10204 | D:6      | Noticed safid's ghost (novice MiHu)
 10325 | D:6      | Reached skill level 8 in Spellcasting
 11033 | D:6      | Killed safid's ghost
 11258 | D:7      | Noticed Pikel
 11272 | D:7      | Killed Pikel
 11273 | D:7      | Reached skill level 9 in Spellcasting
 11306 | D:7      | Noticed Menkaure
 11310 | D:7      | Killed Menkaure
 11584 | D:7      | Noticed Dowan
 11589 | D:7      | Killed Dowan
 11590 | D:7      | Reached XP level 10. HP: 49/60 MP: 0/0
 11769 | D:7      | Found a sparkling altar of Nemelex Xobeh.
 11919 | D:7      | Found an iron altar of Okawaru.
 11926 | D:7      | Reached skill level 10 in Spellcasting
 12266 | D:7      | Found a staircase to the Ecumenical Temple.
 12274 | D:7      | Noticed Duvessa
 12281 | D:7      | Killed Duvessa
 12305 | D:7      | Reached ** piety under Fedhas
 12526 | D:7      | Found a glowing silver altar of Zin.
 13877 | D:8      | Reached skill level 11 in Spellcasting
 14076 | D:8      | Found a shimmering altar of Xom.
 14187 | D:8      | Reached skill level 1 in Fighting
 14913 | D:9      | Found Jaffy's CLEARANCE SALE!.
 14922 | D:9      | Bought a wand of digging (6) for 100 gold pieces
 14922 | D:9      | Bought a scroll of enchant armour for 30 gold pieces
 15033 | D:9      | Reached skill level 1 in Armour
 15353 | D:9      | Noticed a komodo dragon
 15358 | D:9      | Killed a komodo dragon
 15359 | D:9      | Reached XP level 11. HP: 55/67 MP: 0/0
 15359 | D:9      | Learned a level 4 spell: Airstrike
 15447 | D:9      | Found a staircase to the Lair.
 15635 | D:9      | Noticed a two-headed ogre
 15650 | D:9      | Killed a two-headed ogre
 15941 | D:9      | Reached *** piety under Fedhas
 15942 | D:9      | Reached skill level 12 in Spellcasting
 16456 | D:9      | Found a staircase to the Orcish Mines.
 16720 | Orc:1    | Entered Level 1 of the Orcish Mines
 16954 | Orc:1    | Reached skill level 1 in Invocations
 17430 | Orc:2    | Entered Level 2 of the Orcish Mines
 17430 | Orc:2    | Found Nizautuess's Armour Shoppe.
 17446 | Orc:2    | Noticed an orc sorcerer
 17452 | Orc:2    | Killed an orc sorcerer
 17457 | Orc:2    | Noticed a two-headed ogre
 17872 | Orc:2    | Killed a two-headed ogre
 17873 | Orc:2    | Reached skill level 1 in Shields
 18107 | Orc:2    | Reached **** piety under Fedhas
 18198 | Orc:2    | Found a staircase to the Elven Halls.
 18246 | Orc:2    | Noticed a cyclops
 18254 | Orc:2    | Killed a cyclops
 18262 | Orc:2    | Noticed an orc knight
 18266 | Orc:2    | Noticed an orc sorcerer
 18275 | Orc:2    | Noticed Saint Roka
 18278 | Orc:2    | Noticed a two-headed ogre
 18280 | Orc:2    | Noticed an ogre mage
 18280 | Orc:2    | Noticed a two-headed ogre
 18288 | Orc:2    | HP: 3/67 [orc sorcerer/+0 dagger (3)]
 18289 | Orc:2    | Killed from afar by Saint Roka

Illustrated notes

Levels and vault maps discovered:
D:1:      saegor_arrival_simple_b, layout_loops_ring, hex_tiny,
          serial_bayou_lagoon_a
D:2:      layout_basic, serial_rivers, chequers_serial_rivers_micro_b,
          chequers_serial_rivers_micro_e, chequers_serial_rivers_room_a,
          chequers_serial_rivers_marsh, chequers_serial_rivers_micro_b,
          serial_shops, nicolae_shop_advertising_works
          [nicolae_subvault_shop_adworks], minmay_statues_item, minmay_bisected
D:3:      layout_rooms, lemuel_crystal_altar, old_standard_altar
D:4:      layout_rooms, jmf_multi_god_temple2, serial_shops, shop, shop, shop,
          minmay_liquid_box, minivault_14
D:5:      nicolae_cairo_tiling_large, layout_basic, gammafunk_ghost_grave,
          dk_vineyard_3
D:6:      cheibrodos_iron_armory, layout_gridville,
          hellmonk_ghost_happy_afterlife, minmay_manual_monstrance
D:7:      layout_basic, zin_scriptorium, general_overflow_altar, okawaru_humans,
          minmay_temple_entry_waves, uniq_pikel, uniq_duvessa, uniq_menkaure
D:8:      layout_cave_pods, mainiacjoe_overflow_alcove_1
D:9:      layout_long_grid, david_lair_shrubbed, david_orc_4,
          nicolae_shop_clearance
Orc:1:    layout_caves, mines2_david, uniq_sonja
Orc:2:    hellmonk_orc_salted, layout_caves, serial_shops, shop,
          nicolae_orc_stony_grotto, uniq_saint_roka

Skill      XL: |  1  2  3  4  5  6  7  8  9 10 11 |
---------------+----------------------------------+-----
Spellcasting   | 3 4 5 6 7 9 11 12 | 12.6
Stealth        | 2 3 4 |  4.2
Fighting       | 1 |  1.3
Dodging        | 3 |  3.5
Armour         | 1 2 |  2.3
Invocations    | 2 |  2.7
Shields        | 2 |  2.6
Polearms       | |  0.3

Action                   |  1- 3 |  4- 6 |  7- 9 | 10-12 || total
-------------------------+-------+-------+-------+-------++-------
Melee: Spear             |       |     2 |       |       ||     2
       Short sword       |       |       |       |     1 ||     1
 Cast: Foxfire           |    58 |    88 |    58 |   143 ||   347
       Scorch            |     9 |    21 |    29 |    41 ||   100
       Apportation       |       |     3 |       |       ||     3
       Inner Flame       |       |     4 |    11 |    60 ||    75
       Call Imp          |       |     2 |     8 |    13 ||    23
       Conjure Flame     |       |       |     2 |     4 ||     6
       Ozocubu's Armour  |       |       |     2 |     4 ||     6
       Airstrike         |       |       |       |    44 ||    44
       Flame Wave        |       |       |       |     1 ||     1
  Use: Potion            |       |     2 |     2 |     2 ||     6
       Scroll            |       |       |     4 |     2 ||     6
Armor: Robe              |     1 |    10 |     6 |     6 ||    23
       Leather armour    |       |       |       |     6 ||     6
       Steam dragon scal |       |       |       |    12 ||    12
Dodge: Dodged            |     4 |     6 |     4 |    45 ||    59
Block: Buckler           |       |       |     2 |     8 ||    10
